[Event "Titled Tuesday Blitz March 29 Early 2022"]
[White "Vidruska, Renate"]
[Black "Mikhnenko, Alexander"]
[WhiteFideId "11601841"]
[BlackFideId "34143014"]
[WhiteElo "1800"]
[BlackElo "2184"]
[Result "0-1"]
[Round "05"]
[TimeControl "180+1"]
[Date "2022.03.30"]
[WhiteClock "0:00:07"]
[BlackClock "0:02:04"]

1. e4 c5 2. Nf3 e6 3. d4 cxd4 4. Nxd4 Qb6 5. Nb3 a6 6. Nc3 Bb4 7. Be3 Qc7 8. Qd2 Nf6 9. f3 d5 10. exd5 Nxd5 11. Bd4 e5 12. a3 exd4 13. axb4 dxc3 14. Qxd5 cxb2 15. Rd1 Be6 16. Qe4 O-O 17. Nd4 Qc3+ 18. Kf2 Nc6 19. Nxc6 bxc6 20. Bd3 g6 21. Rhe1 Rfd8 22. h4 Rd4 23. Qe3 Rxh4 24. g3 Rxb4 25. Rb1 a5 26. Rh1 Rab8 27. Qh6 Qg7 28. Qe3 Qd4 29. Qxd4 Rxd4 30. Ke3 Rdb4 31. c3 Rb3 0-1


[Site "https://www.chess.com"]

[Event "Titled Tuesday Blitz March 29 Early 2022"]
[White "Vusatiuk, Vladimir"]
[Black "Hebden, Mark L"]
[WhiteFideId "14118610"]
[BlackFideId "400084"]
[WhiteElo "2157"]
[BlackElo "2457"]
[Result "0-1"]
[Round "05"]
[TimeControl "180+1"]
[Date "2022.03.30"]
[WhiteClock "0:00:09"]
[BlackClock "0:00:13"]

1. d4 Nf6 2. c4 g6 3. Nc3 Bg7 4. e4 d6 5. Nf3 O-O 6. Be2 e5 7. O-O Nc6 8. d5 Ne7 9. Ne1 Nd7 10. Nd3 f5 11. f3 f4 12. Bd2 g5 13. b4 Ng6 14. Kh1 Nf6 15. Rg1 Rf7 16. c5 Bf8 17. g3 fxg3 18. Rxg3 h6 19. cxd6 cxd6 20. Qg1 Rg7 21. Rc1 Nh5 22. Rg2 Bh3 23. Rf2 Ngf4 24. Bxf4 gxf4 25. Qe1 Qh4 26. Bf1 Bxf1 27. Rxf1 Ng3+ 28. Kg2 Nxe4+ 29. Kh1 Ng3+ 30. Kg2 Nxf1+ 31. Kxf1 Qxh2 32. Qf2 Qxf2+ 33. Nxf2 Rc8 34. Nfe4 Be7 35. Rd1 Kf7 36. Nb5 Rg6 37. Rd2 a6 38. Nbc3 h5 39. Rh2 h4 40. Ke2 Rcg8 41. Kf2 Rh8 42. Ne2 h3 43. Ng1 Rgg8 44. Nxh3 Rc8 45. Nd2 Bf6 46. Ke1 Ke7 47. Ke2 Rc3 48. Rh1 Rc2 49. Kd1 Rxa2 50. Ke2 Rc8 51. Nf2 Rc3 52. Ne4 Re3+ 53. Kf2 Rxe4 54. Rh7+ Kf8 55. fxe4 Rxd2+ 56. Kf3 Rd4 57. Rxb7 Rd3+ 58. Kg4 f3 59. Rh7 f2 60. Rh1 Re3 61. Rf1 Rxe4+ 62. Kf5 Rf4+ 63. Ke6 e4 64. Kxd6 e3 65. Ke6 e2 66. Rc1 e1=Q+ 67. Rxe1 fxe1=Q+ 68. Kd7 Rd4 69. d6 Rxd6+ 70. Kxd6 Qxb4+ 71. Kc7 Qb5 72. Kc8 a5 73. Kc7 a4 74. Kc8 a3 75. Kc7 a2 76. Kd6 a1=Q 77. Kc7 Qc3+ 78. Kd6 Qbe5+ 79. Kd7 Qcc7# 0-1


[Site "https://www.chess.com"]

[Event "Titled Tuesday Blitz March 29 Early 2022"]
[White "Vysochin, Spartak"]
[Black "Maghsoodloo, Parham"]
[WhiteFideId "14103516"]
[BlackFideId "12539929"]
[WhiteElo "2385"]
[BlackElo "2630"]
[Result "0-1"]
[Round "05"]
[TimeControl "180+1"]
[Date "2022.03.29"]
[WhiteClock "0:00:15"]
[BlackClock "0:00:10"]

1. e4 c5 2. c3 Nf6 3. e5 Nd5 4. d4 cxd4 5. cxd4 Nc6 6. Bc4 Nb6 7. Bb3 d5 8. Bc2 Nb4 9. Nc3 Nxc2+ 10. Qxc2 g6 11. Nge2 Bf5 12. Qb3 Bg7 13. O-O O-O 14. Rd1 Rc8 15. Ng3 Bd7 16. a4 Bc6 17. a5 Na8 18. a6 b6 19. Be3 Nc7 20. h4 Qd7 21. Qc2 Ne6 22. Qe2 f6 23. exf6 exf6 24. Qf3 f5 25. Nce2 f4 26. Nxf4 Bh6 27. Nge2 Bb5 28. Qg3 Ng7 29. Nc3 Nf5 30. Qg4 Bc4 31. h5 Qe8 32. hxg6 Nxe3 33. gxh7+ Kxh7 34. Qh3 Nxd1 35. Ncxd5 Bxd5 36. Nxd5 Nxf2 37. Qh4 Qf7 38. Re1 Qxd5 39. Re7+ Rf7 40. Rxf7+ Qxf7 0-1


[Site "https://www.chess.com"]

[Event "Titled Tuesday Blitz March 29 Early 2022"]
[White "Weetik, Vjacheslav"]
[Black "Tasev, Dejan"]
[WhiteFideId "4153472"]
[BlackFideId "936618"]
[WhiteElo "2469"]
[BlackElo "2253"]
[Result "1-0"]
[Round "05"]
[TimeControl "180+1"]
[Date "2022.03.29"]
[WhiteClock "0:01:14"]
[BlackClock "0:00:03"]

1. e4 e5 2. Nf3 Nf6 3. Nc3 Nc6 4. Bb5 Bb4 5. O-O Bxc3 6. bxc3 d6 7. d4 exd4 8. cxd4 O-O 9. Bg5 h6 10. Bh4 Bg4 11. c3 g5 12. Bg3 Nxe4 13. Qd3 Nf6 14. h4 Nh5 15. hxg5 hxg5 16. Bc4 Kg7 17. Rab1 d5 18. Bb3 Nxg3 19. fxg3 f5 20. Bc2 Qf6 21. Rxb7 Rf7 22. Nh2 Rh8 23. Nxg4 Qg6 24. Rxf5 Rxf5 25. Qxf5 Qxf5 26. Bxf5 1-0


[Site "https://www.chess.com"]

[Event "Titled Tuesday Blitz March 29 Early 2022"]
[White "Xiong, Jeffery"]
[Black "Kamsky, Gata"]
[WhiteFideId "2047640"]
[BlackFideId "2000024"]
[WhiteElo "2727"]
[BlackElo "2645"]
[Result "1-0"]
[Round "05"]
[TimeControl "180+1"]
[Date "2022.03.29"]
[WhiteClock "0:00:20"]
[BlackClock "0:00:11"]

1. e4 c5 2. Nf3 e6 3. c3 d5 4. exd5 exd5 5. d4 c4 6. b3 cxb3 7. axb3 Bd6 8. Bd3 Ne7 9. O-O O-O 10. Bg5 f6 11. Bh4 Bf5 12. Bg3 Nbc6 13. Re1 Qd7 14. Na3 a6 15. Nc2 Rfe8 16. Ne3 Bxd3 17. Qxd3 Rac8 18. Ra2 Nd8 19. Rae2 Nf7 20. c4 Bxg3 21. hxg3 Nd6 22. Nd2 a5 23. Nb1 dxc4 24. bxc4 Nef5 25. c5 Nxe3 26. cxd6 Ng4 27. Re7 Rxe7 28. dxe7 Ne5 29. Qb3+ Nf7 30. Nc3 Re8 31. Qe6 Qxe6 32. Rxe6 Ng5 33. Re3 Kf7 34. f4 Ne6 35. d5 Rxe7 36. dxe6+ Rxe6 37. Rd3 Ke8 38. Nb5 Rc6 39. Nd6+ Ke7 40. Nxb7 h5 41. Nxa5 Rc5 42. Nb3 1-0


[Site "https://www.chess.com"]

[Event "Titled Tuesday Blitz March 29 Early 2022"]
[White "Yoo, Christopher Woojin"]
[Black "Abdrlauf, Elham"]
[WhiteFideId "30909694"]
[BlackFideId "1533533"]
[WhiteElo "2105"]
[BlackElo "2334"]
[Result "0-1"]
[Round "05"]
[TimeControl "180+1"]
[Date "2022.03.29"]
[WhiteClock "0:00:02"]
[BlackClock "0:00:02"]

1. e4 e6 2. b3 d5 3. Bb2 dxe4 4. Nc3 Nf6 5. Qe2 Bb4 6. O-O-O Qe7 7. Kb1 O-O 8. Nxe4 Nbd7 9. Nf3 Ba3 10. Ba1 a5 11. Ne5 a4 12. Nxd7 Nxd7 13. Qh5 f5 14. Nc3 Nf6 15. Qf3 axb3 16. axb3 Kh8 17. Bc4 e5 18. Nd5 Nxd5 19. Qxd5 Bd6 20. Rhe1 c6 21. Qf3 e4 22. Qc3 b5 23. Bf1 b4 24. Qb2 Be6 25. d3 Ra3 26. Qc1 Bxb3 27. cxb3 Rxb3+ 28. Bb2 Ra8 0-1


[Site "https://www.chess.com"]

[Event "Titled Tuesday Blitz March 29 Early 2022"]
[White "Zakhartsov, Vladimir"]
[Black "Jaferian, Koosha"]
[WhiteFideId "4145097"]
[BlackFideId "12507440"]
[WhiteElo "2433"]
[BlackElo "2030"]
[Result "1-0"]
[Round "05"]
[TimeControl "180+1"]
[Date "2022.03.29"]
[WhiteClock "0:00:54"]
[BlackClock "0:00:11"]

1. d4 Nf6 2. c4 e6 3. Nc3 Bb4 4. e3 O-O 5. Nf3 d5 6. Bd2 dxc4 7. Bxc4 c5 8. a3 Bxc3 9. Bxc3 cxd4 10. Qxd4 Qxd4 11. Bxd4 Nbd7 12. Ke2 a6 13. Rac1 b5 14. Bd3 Re8 15. Ne5 Nxe5 16. Bxe5 Bb7 17. Rc7 Bd5 18. f3 Rad8 19. Rhc1 Rd7 20. e4 Bb3 21. R7c3 Bc4 22. Bxc4 bxc4 23. Rxc4 Red8 24. R1c2 Ne8 25. Rc8 f6 26. Bg3 e5 27. Rxd8 Rxd8 28. b4 Kf7 29. Bf2 Rb8 30. Be3 Ra8 31. Rc6 Ke7 32. a4 Kd7 33. Rb6 Nd6 34. Bc5 Nc4 35. Rb7+ Kc6 36. Rxg7 a5 37. Rf7 axb4 38. Bxb4 Rxa4 39. Rxf6+ Kd7 40. Bc3 Ra2+ 41. Kd3 Na3 42. Ra6 Rxg2 43. Rxa3 Rxh2 44. Bxe5 Rh3 45. Ke3 Ke6 46. Bf4 h5 47. Ra6+ Kf7 48. Rh6 Kg7 49. e5 h4 50. Bg5 Rg3 51. Rxh4 Rxg5 52. Rg4 1-0


[Site "https://www.chess.com"]

[Event "Titled Tuesday Blitz March 29 Early 2022"]
[White "Zaksaite, Salomeja"]
[Black "Seo, Jung Min"]
[WhiteFideId "12801496"]
[BlackFideId "1734687"]
[WhiteElo "1953"]
[BlackElo "2401"]
[Result "0-1"]
[Round "05"]
[TimeControl "180+1"]
[Date "2022.03.29"]
[WhiteClock "0:00:02"]
[BlackClock "0:01:02"]

1. e4 c5 2. Nf3 e6 3. d4 cxd4 4. Nxd4 a6 5. Nc3 Qc7 6. Bd3 Nc6 7. Be3 Nf6 8. Qf3 Ne5 9. Qg3 d6 10. O-O Neg4 11. Bd2 Qb6 12. Nb3 h5 13. h3 h4 14. Qf3 Ne5 15. Qe2 Bd7 16. Be3 Qc7 17. f4 Nxd3 18. cxd3 Be7 19. Rac1 Bc6 20. f5 e5 21. Nd5 Qb8 22. Nxe7 Kxe7 23. d4 Kf8 24. dxe5 dxe5 25. Bc5+ Kg8 26. Rfd1 Nxe4 27. Be7 Qe8 28. f6 Nxf6 29. Bxf6 gxf6 30. Qg4+ Kf8 31. Nc5 Rg8 32. Qxh4 Rxg2+ 33. Kf1 Kg7 34. Rd7 Rg6 35. Rd6 Qe7 36. Rcd1 Rh8 37. Qf2 Rxh3 0-1


[Site "https://www.chess.com"]

[Event "Titled Tuesday Blitz March 29 Early 2022"]
[White "Zemlyanskii, Ivan"]
[Black "Koridze, Lile"]
[WhiteFideId "24249971"]
[BlackFideId "13612514"]
[WhiteElo "1759"]
[BlackElo "1999"]
[Result "1-0"]
[Round "05"]
[TimeControl "180+1"]
[Date "2022.03.30"]
[WhiteClock "0:01:20"]
[BlackClock "0:01:51"]

1. d4 Nf6 2. c4 e6 3. Nf3 d5 4. e3 Bb4+ 5. Bd2 Bxd2+ 6. Qxd2 O-O 7. Nc3 c6 8. Bd3 h6 9. O-O b6 10. Rac1 Bb7 11. b4 dxc4 12. Bxc4 Nbd7 13. Rfd1 Qe7 14. e4 Rfd8 15. a3 Nf8 16. Qe3 Rac8 17. e5 Nd5 18. Nxd5 cxd5 19. Bd3 g6 20. Qxh6 Nh7 21. h4 Qf8 22. Qf4 Qg7 23. g4 Nf8 24. Kh2 Nd7 25. h5 Nf8 26. Ng5 Nh7 27. Nxf7 g5 28. Bxh7+ Kxh7 29. Nxg5+ Kg8 30. Nxe6 1-0


[Site "https://www.chess.com"]

[Event "Titled Tuesday Blitz March 29 Early 2022"]
[White "Zhao, Jun"]
[Black "Sanal, Vahap"]
[WhiteFideId "8602522"]
[BlackFideId "6300545"]
[WhiteElo "2547"]
[BlackElo "2603"]
[Result "1-0"]
[Round "05"]
[TimeControl "180+1"]
[Date "2022.03.29"]
[WhiteClock "0:00:12"]
[BlackClock "0:00:04"]

1. d4 Nf6 2. Bf4 d5 3. e3 Bf5 4. c4 e6 5. Nc3 Nc6 6. Nf3 Bb4 7. Bd3 Bxd3 8. Qxd3 Ne4 9. O-O Bxc3 10. bxc3 Na5 11. cxd5 exd5 12. Rab1 O-O 13. h4 b6 14. Ng5 Re8 15. f3 Nxg5 16. hxg5 Nc4 17. Kf2 Re6 18. Rh1 Rg6 19. Rh5 Qd7 20. Rbh1 Kf8 21. Rxh7 Ke7 22. e4 Re8 23. e5 Qa4 24. Kg3 Qxa2 25. e6 Rxe6 26. Rxg7 Rf8 27. Qf5 Nd6 28. Bxd6+ Kxd6 29. Rxf7 Rxf7 30. Qxf7 Qd2 31. Qf4+ Qxf4+ 32. Kxf4 a5 33. Kf5 Re8 34. g6 Rf8+ 35. Kg5 c5 36. g7 Rc8 37. Rh8 1-0


[Site "https://www.chess.com"]

[Event "Titled Tuesday Blitz March 29 Early 2022"]
[White "Zhigalko, Sergei"]
[Black "Aditya Mittal"]
[WhiteFideId "13502956"]
[BlackFideId "35042025"]
[WhiteElo "2662"]
[BlackElo "2303"]
[Result "1-0"]
[Round "05"]
[TimeControl "180+1"]
[Date "2022.03.29"]
[WhiteClock "0:00:27"]
[BlackClock "0:00:01"]

1. e4 c5 2. Nf3 d6 3. d4 cxd4 4. Qxd4 Nf6 5. Nc3 Nc6 6. Bb5 Bd7 7. Bxc6 Bxc6 8. Bg5 e6 9. O-O-O Be7 10. Rhe1 O-O 11. Kb1 Qa5 12. Qd2 Qa6 13. Nd4 Rac8 14. f3 b5 15. g4 b4 16. Nce2 Qb7 17. Ng3 a5 18. Nh5 Ne8 19. h4 a4 20. Bxe7 Qxe7 21. Qxb4 Bd7 22. g5 Nc7 23. Ne2 Bb5 24. Qxd6 Qxd6 25. Rxd6 Bxe2 26. Rxe2 a3 27. Rc6 Nb5 28. Rxc8 Rxc8 29. Rd2 h6 30. Nf4 hxg5 31. hxg5 g6 32. Rd3 axb2 33. Kxb2 Rc4 34. Ne2 1-0


[Site "https://www.chess.com"]

[Event "Titled Tuesday Blitz March 29 Early 2022"]
[White "parintele_chess"]
[Black "Gracia Alvarez, Gerardo Antonio"]
[BlackFideId "5109124"]
[WhiteElo "2240"]
[BlackElo "2139"]
[Result "0-1"]
[Round "05"]
[TimeControl "180+1"]
[Date "2022.03.30"]
[WhiteClock "0:00:12"]
[BlackClock "0:00:04"]

1. d4 Nf6 2. Bf4 g6 3. Nc3 d5 4. e3 Bg7 5. h4 O-O 6. h5 c5 7. Nb5 a6 8. Nc7 Ra7 9. hxg6 hxg6 10. Qf3 Nc6 11. Qg3 Qd7 12. Qh4 Qg4 13. Qh2 Qh5 14. dxc5 Qxh2 15. Bxh2 Rd8 16. O-O-O e5 17. Nf3 Ng4 18. Nxd5 Nxf2 19. Bc4 Nxh1 20. Rxh1 Be6 21. e4 Na5 22. Bd3 f6 23. b4 Nc6 24. Bc4 Kf7 25. Rd1 Raa8 26. Bg3 Nxb4 27. a3 Bh6+ 28. Kb2 Nc6 29. Nb6 Rxd1 0-1


[Site "https://www.chess.com"]

[Event "Titled Tuesday Blitz March 29 Early 2022"]
[White "Aaditya Dhingra"]
[Black "Tanenbaum, Zachary"]
[WhiteFideId "25678191"]
[BlackFideId "2060850"]
[WhiteElo "1849"]
[BlackElo "2168"]
[Result "0-1"]
[Round "06"]
[TimeControl "180+1"]
[Date "2022.03.30"]
[WhiteClock "0:02:14"]
[BlackClock "0:02:46"]

1. Nf3 d5 2. c4 dxc4 3. e3 Nf6 4. Bxc4 e6 5. O-O a6 6. a4 c5 7. d4 Nc6 8. dxc5 Bxc5 9. Nc3 Qc7 10. e4 Ng4 11. Qe2 Nd4 0-1


[Site "https://www.chess.com"]

[Event "Titled Tuesday Blitz March 29 Early 2022"]
[White "Agasarov, Benik"]
[Black "De Souza, Cristiano Gomes"]
[WhiteFideId "13314823"]
[BlackFideId "2151758"]
[WhiteElo "2530"]
[BlackElo "2068"]
[Result "1-0"]
[Round "06"]
[TimeControl "180+1"]
[Date "2022.03.30"]
[WhiteClock "0:02:14"]
[BlackClock "0:02:12"]

1. d4 Nf6 2. c4 g6 3. Nc3 d6 4. e4 Bg7 5. Nf3 O-O 6. h3 Bd7 7. e5 dxe5 8. dxe5 Ne8 9. Bf4 Nc6 10. Be2 Be6 11. O-O h6 12. Nd5 g5 13. Bh2 a5 14. Rc1 Nb4 15. Nxb4 axb4 16. Qb3 c6 17. Qxb4 Qc7 18. a3 g4 19. hxg4 Bxg4 20. e6 Nd6 21. c5 Bxf3 22. cxd6 1-0


[Site "https://www.chess.com"]

[Event "Titled Tuesday Blitz March 29 Early 2022"]
[White "Al-Tarboush, Ward"]
[Black "Bacrot, Etienne"]
[WhiteFideId "7601450"]
[BlackFideId "605506"]
[WhiteElo "2276"]
[BlackElo "2673"]
[Result "1-0"]
[Round "06"]
[TimeControl "180+1"]
[Date "2022.03.29"]
[WhiteClock "0:00:53"]
[BlackClock "0:00:01"]

1. e4 c5 2. Nf3 d6 3. d4 cxd4 4. Nxd4 Nf6 5. Nc3 Nc6 6. Bg5 e6 7. Qd2 a6 8. O-O-O Bd7 9. f4 Be7 10. Nxc6 Bxc6 11. Bd3 h6 12. Bxf6 Bxf6 13. g4 b5 14. Ne2 g5 15. f5 Be5 16. Kb1 Qb6 17. Nc1 a5 18. h4 gxh4 19. Rxh4 Bg7 20. g5 hxg5 21. Qxg5 Rxh4 22. Qxh4 Qd4 23. c3 Qf6 24. Qf2 b4 25. Qb6 Bd7 26. Bb5 Bxb5 27. Qxb5+ Kf8 28. Qc6 Rd8 29. Ne2 Qe5 30. Rh1 Bf6 31. Nd4 d5 32. Re1 bxc3 33. Qc5+ Be7 34. Qxc3 Bf6 35. Qc5+ Kg8 36. Rg1+ Bg7 37. Qe7 Qxe4+ 38. Ka1 Qxd4 39. Qxd8+ Kh7 40. Rh1+ Bh6 41. f6 Qe4 42. Rb1 Qf5 43. Qxa5 Qxf6 44. Qc5 Bg7 45. a4 Qe5 46. a5 Qe4 47. Qa3 Bd4 48. a6 Ba7 49. Qh3+ Kg7 50. Qg3+ Kf6 51. Rf1+ Ke7 52. Qc7+ Kf8 53. Qxf7# 1-0


[Site "https://www.chess.com"]

[Event "Titled Tuesday Blitz March 29 Early 2022"]
[White "Andreikin, Dmitry"]
[Black "Perez Ponsa, Federico"]
[WhiteFideId "4158814"]
[BlackFideId "117927"]
[WhiteElo "2736"]
[BlackElo "2672"]
[Result "1-0"]
[Round "06"]
[TimeControl "180+1"]
[Date "2022.03.29"]
[WhiteClock "0:01:23"]
[BlackClock "0:00:18"]

1. d4 Nf6 2. Nf3 g6 3. b3 Bg7 4. Bb2 d6 5. g3 c5 6. Bg2 cxd4 7. Nxd4 d5 8. O-O O-O 9. c4 e5 10. Nc2 d4 11. e3 Bg4 12. f3 Bf5 13. exd4 Bxc2 14. Qxc2 exd4 15. Na3 Nc6 16. Rad1 a6 17. Qd2 Qd6 18. Nc2 Rfd8 19. Rfe1 d3 20. Ne3 b5 21. f4 Rac8 22. Kh1 h5 23. f5 h4 24. fxg6 fxg6 25. Nd5 hxg3 26. c5 Qxd5 27. Bxd5+ Rxd5 28. Qg2 Rcd8 29. Bxf6 Bxf6 30. Re6 Rh5 31. Rxf6 Rxh2+ 32. Qxh2 gxh2 33. Rxg6+ 1-0


[Site "https://www.chess.com"]

[Event "Titled Tuesday Blitz March 29 Early 2022"]
[White "Ansh M Shah"]
[Black "Kostina, Nadezhda"]
[WhiteFideId "25033379"]
[BlackFideId "4195876"]
[WhiteElo "1819"]
[BlackElo "1982"]
[Result "0-1"]
[Round "06"]
[TimeControl "180+1"]
[Date "2022.03.30"]
[WhiteClock "0:00:10"]
[BlackClock "0:00:10"]

1. d4 Nf6 2. c4 e6 3. Nf3 Bb4+ 4. Bd2 Qe7 5. a3 Bxd2+ 6. Nbxd2 d5 7. g3 O-O 8. Bg2 c6 9. O-O Nbd7 10. Qc2 e5 11. dxe5 Nxe5 12. cxd5 cxd5 13. Nxe5 Qxe5 14. Nf3 Qh5 15. Rfd1 Bh3 16. Qb3 Bxg2 17. Kxg2 Rae8 18. Rd2 Re7 19. Rc1 Rfe8 20. e3 b6 21. h3 Qf5 22. Qc2 Ne4 23. Rd4 Re6 24. Nh4 Qg5 25. Nf3 Qh5 26. Qd1 Rh6 27. Nh4 Qe5 28. Rxd5 Qxb2 29. Rc2 Qxa3 30. Rd8 Re6 31. Rcc8 Qf8 32. Qd7 Nf6 33. Rxe8 Rxe8 34. Rxe8 Nxd7 35. Rxf8+ Kxf8 36. Kf3 g6 37. Ke4 Ke7 38. Kd5 Nc5 39. f4 a5 40. Nf3 a4 41. Kc4 Ne4 42. g4 Nf2 43. Ng5 h6 44. Nf3 Nxh3 45. Ne5 Nf2 46. Kb4 Ke6 47. Kxa4 f6 48. Nxg6 Nxg4 49. Kb5 Nxe3 50. Kxb6 Kf5 51. Ne7+ Kxf4 52. Kc5 h5 53. Kd4 Nf5+ 54. Nxf5 Kxf5 55. Ke3 Kg4 56. Kf2 h4 57. Kg2 h3+ 58. Kf2 f5 59. Kg1 f4 60. Kh1 Kg3 61. Kg1 f3 62. Kh1 Kh4 63. Kg1 Kg4 64. Kf1 Kg3 65. Kg1 h2+ 66. Kf1 h1=Q# 0-1


[Site "https://www.chess.com"]

[Event "Titled Tuesday Blitz March 29 Early 2022"]
[White "Ardila, Oscar Humberto"]
[Black "Einarsson, Halldor Gretar"]
[WhiteFideId "4404742"]
[BlackFideId "2300150"]
[WhiteElo "1966"]
[BlackElo "2114"]
[Result "1-0"]
[Round "06"]
[TimeControl "180+1"]
[Date "2022.03.30"]
[WhiteClock "0:01:13"]
[BlackClock "0:00:29"]

1. d4 Nf6 2. c4 g6 3. Nc3 d5 4. cxd5 Nxd5 5. e4 Nxc3 6. bxc3 Bg7 7. Bc4 c5 8. Ne2 Nc6 9. Be3 O-O 10. O-O Bg4 11. f3 Na5 12. Bd3 cxd4 13. cxd4 Be6 14. d5 Bxa1 15. Qxa1 f6 16. Bh6 Re8 17. Nf4 Bf7 18. e5 fxe5 19. Qxe5 Qb6+ 20. Kh1 Qf6 21. Qe1 b6 22. h4 Rac8 23. Bg5 Qd4 24. Bb5 e5 25. dxe6 Rf8 26. Bh6 Rc5 27. exf7+ Kh8 28. Bxf8 1-0


[Site "https://www.chess.com"]

[Event "Titled Tuesday Blitz March 29 Early 2022"]
[White "Babazada, Khazar"]
[Black "Obolentseva, Alexandra"]
[WhiteFideId "13413554"]
[BlackFideId "24153648"]
[WhiteElo "2418"]
[BlackElo "2113"]
[Result "1-0"]
[Round "06"]
[TimeControl "180+1"]
[Date "2022.03.29"]
[WhiteClock "0:01:25"]
[BlackClock "0:00:36"]

1. e4 c5 2. Nf3 d6 3. d4 cxd4 4. Nxd4 Nf6 5. Nc3 a6 6. a4 e6 7. Be2 Be7 8. O-O O-O 9. Be3 Nbd7 10. a5 Qc7 11. f4 Rb8 12. Qe1 Nc5 13. Bf3 Nfd7 14. Qg3 Bf6 15. Nce2 b5 16. b4 Na4 17. Ra3 Bb7 18. Qh3 Rbc8 19. Bg4 Bxe4 20. Bxe6 fxe6 21. Qxe6+ Kh8 22. Qxe4 Rce8 23. Ne6 Rf7 24. f5 Qc4 25. Qxc4 bxc4 26. Rxa4 Ne5 27. Bd4 Nc6 28. Bxf6 Rxf6 29. c3 g6 30. N2d4 Nxd4 31. Nxd4 gxf5 32. Rxf5 Re1+ 33. Kf2 Rxf5+ 34. Nxf5 Rc1 35. Ra3 Rc2+ 36. Kf3 d5 37. Ne3 Rd2 38. Ra1 Kg7 39. Rd1 1-0


[Site "https://www.chess.com"]

[Event "Titled Tuesday Blitz March 29 Early 2022"]
[White "Bachmann, Axel"]
[Black "Hamley, Ryan"]
[WhiteFideId "3700488"]
[BlackFideId "30959497"]
[WhiteElo "2587"]
[BlackElo "2528"]
[Result "0-1"]
[Round "06"]
[TimeControl "180+1"]
[Date "2022.03.30"]
[WhiteClock "0:00:01"]
[BlackClock "0:00:04"]

1. d4 Nf6 2. g3 e6 3. c4 d5 4. Nf3 Be7 5. Bg2 O-O 6. O-O dxc4 7. Na3 Bxa3 8. bxa3 c5 9. dxc5 Qc7 10. Bf4 Qa5 11. Bd6 Rd8 12. Qc2 Nc6 13. Qxc4 Qxa3 14. Rfd1 Bd7 15. Rd3 Qa5 16. Rad1 Rac8 17. Qb3 Nb4 18. Rd4 Nbd5 19. e4 Nc3 20. Re1 Bc6 21. e5 Nfe4 22. Qc2 Nxc5 23. Rc4 N5a4 24. Ng5 g6 25. Bb4 Qb5 26. Rxc3 Nxc3 27. Bxc3 Bxg2 28. Kxg2 Rd5 29. Ne4 Kg7 30. Qb2 Qxb2 31. Bxb2 Rc2 32. Rb1 Rb5 33. Nc3 Rbxb2 34. Rxb2 Rxb2 35. Ne4 Rxa2 36. Nd6 a5 37. Nc4 a4 38. Na5 b5 39. Nc6 b4 40. Nxb4 Rb2 41. Nd3 Rd2 42. Nc5 a3 43. Ne4 Rb2 44. Nc3 a2 45. Nd1 Rd2 46. Nc3 a1=Q 47. Ne4 Qxe5 48. Nxd2 Qd5+ 49. Nf3 g5 50. h3 h5 51. g4 hxg4 52. hxg4 f5 53. Kg3 Kf6 54. gxf5 exf5 55. Ng1 f4+ 56. Kh2 g4 57. f3 g3+ 58. Kg2 Qd2+ 59. Kh3 Kf5 60. Kh4 Qh2+ 0-1


[Site "https://www.chess.com"]

[Event "Titled Tuesday Blitz March 29 Early 2022"]
[White "Balint, Vilmos"]
[Black "Goryachkina, Aleksandra"]
[WhiteFideId "718050"]
[BlackFideId "4147103"]
[WhiteElo "2059"]
[BlackElo "2426"]
[Result "0-1"]
[Round "06"]
[TimeControl "180+1"]
[Date "2022.03.30"]
[WhiteClock "0:01:38"]
[BlackClock "0:01:36"]

1. g3 d5 2. Bg2 c6 3. Nf3 Bg4 4. O-O Nd7 5. d4 Ngf6 6. c3 e6 7. Bd2 Bd6 8. Qb3 Qb6 9. Rd1 O-O 10. Be1 h6 11. Nbd2 Bf5 12. c4 Qc7 13. c5 Be7 14. Qc3 a5 15. Rac1 Rfc8 16. Ne5 Nxe5 17. dxe5 Nd7 18. e4 Bh7 19. exd5 cxd5 20. Nb3 a4 21. Nd4 Qxc5 22. Qe3 Qb6 23. Rxc8+ Rxc8 24. Rc1 Rxc1 25. Qxc1 Qxd4 26. Qc7 Qxe5 27. Qc8+ Nf8 28. Bc3 Qe2 29. Bf1 Qd1 30. Kg2 Be4+ 0-1


[Site "https://www.chess.com"]

[Event "Titled Tuesday Blitz March 29 Early 2022"]
[White "Barrientos, Sergio E"]
[Black "Sanal, Vahap"]
[WhiteFideId "4401824"]
[BlackFideId "6300545"]
[WhiteElo "2397"]
[BlackElo "2603"]
[Result "0-1"]
[Round "06"]
[TimeControl "180+1"]
[Date "2022.03.29"]
[WhiteClock "0:00:50"]
[BlackClock "0:00:54"]

1. d4 Nf6 2. c4 e6 3. Nf3 d5 4. Nc3 c6 5. g3 Nbd7 6. Bg2 dxc4 7. O-O a5 8. Nd2 Nb6 9. e3 Be7 10. Qe2 O-O 11. Nxc4 Nxc4 12. Qxc4 Ra6 13. Bd2 b5 14. Qe2 Rb6 15. Rfc1 Ba6 16. Qe1 a4 17. Ne2 b4 18. Rxc6 Rxc6 19. Bxc6 Qb6 20. Bxa4 Bb7 21. Rc1 Ra8 22. Bb3 Qa5 23. Nf4 g5 24. Nd3 Qf5 25. Ne5 Bd6 26. Bc2 Qh3 27. Qf1 Qh5 28. f3 Rxa2 29. g4 Qh6 30. Rb1 Kg7 31. Bb3 Ra5 32. Nc4 Qxh2# 0-1


[Site "https://www.chess.com"]

[Event "Titled Tuesday Blitz March 29 Early 2022"]
[White "Bernat, David"]
[Black "Cramling Bellon, Anna"]
[WhiteFideId "2099225"]
[BlackFideId "32009232"]
[WhiteElo "2316"]
[BlackElo "1905"]
[Result "1/2-1/2"]
[Round "06"]
[TimeControl "180+1"]
[Date "2022.03.30"]
[WhiteClock "0:00:04"]
[BlackClock "0:00:04"]

1. c4 c5 2. Nc3 Nc6 3. g3 g6 4. Bg2 Bg7 5. e4 e5 6. Nge2 d6 7. O-O Nge7 8. d3 O-O 9. a3 a5 10. Be3 Be6 11. Nd5 Nd4 12. Rb1 a4 13. Nxd4 cxd4 14. Bg5 f6 15. Bd2 b5 16. cxb5 Nxd5 17. exd5 Bd7 18. b4 Bxb5 19. Qf3 f5 20. Rfe1 Rc8 21. Rbc1 Qb6 22. Bg5 Qa6 23. Rc6 Bxc6 24. dxc6 e4 25. dxe4 Qxc6 26. exf5 Qxf3 27. Bxf3 Rxf5 28. Bg4 d3 29. Bxf5 gxf5 30. b5 Rb8 31. Rd1 Rxb5 32. Rxd3 d5 33. Be7 Bb2 34. Bb4 Ba1 35. Kg2 d4 36. Kf3 Bb2 37. Kf4 Kg7 38. Kg5 h6+ 39. Kh5 f4+ 40. Kg4 fxg3 41. hxg3 Kg6 42. f4 Ba1 43. Kh4 Bb2 44. g4 Rxb4 45. axb4 a3 46. f5+ Kf6 47. Rd1 a2 48. b5 a1=Q 49. Rxa1 Bxa1 50. b6 d3 51. b7 Be5 52. Kh5 d2 53. g5+ hxg5 54. b8=Q Bxb8 55. Kh6 d1=Q 56. Kh7 Qh1+ 57. Kg8 Bd6 1/2-1/2


[Site "https://www.chess.com"]